 Dungeon Crawl Stone Soup version 0.18.1-48-g4cf74bf (webtiles) character file.

282 Peloso the Shield-Bearer (level 6, -1/53 HPs)
             Began as a Minotaur Fighter on Aug 28, 2016.
             Succumbed to kobold's curare-tipped needle
             ... on level 3 of the Dungeon.
             The game lasted 00:04:54 (2017 turns).

Peloso the Shield-Bearer (Minotaur Fighter)         Turns: 2017, Time: 00:04:54

Health: -1/53      AC:  8    Str: 20    XL:     6   Next: 6%
Magic:  5/5        EV:  9    Int:  5    God:
Gold:   56         SH: 10    Dex: 12    Spells: 0 memorised, 5 levels left

rFire  . . .     SeeInvis .     a - +0 long sword
rCold  . . .     Gourm    .     b - +0 scale mail
rNeg   . . .     Faith    .     c - +0 shield
rPois  .         Spirit   .     (helmet restricted)
rElec  .         Dismiss  .     o - +0 cloak
rCorr  .         Reflect  .     (no gloves)
SustAt .         Harm     .     (no boots)
MR     .....                    (no amulet)
Stlth  ..........               (no ring)
                                i - ring of wizardry

@: lethally poisoned (-1 -> -21), slowed, very slow, not resistant to hostile
enchantments, extremely unstealthy
A: retaliatory headbutt, horns 2
a: no special abilities


You were on level 3 of the Dungeon.
You were not hungry.

You visited 1 branch of the dungeon, and saw 3 of its levels.

You collected 56 gold pieces.

Inventory:

Hand Weapons
 a - a +0 long sword (weapon)
Armour
 b - a +0 scale mail (worn)
 c - a +0 shield (worn)
 o - a +0 cloak (worn)
Jewellery
 i - a ring of wizardry (left hand)
Scrolls
 e - a scroll of recharging {unknown}
 g - a scroll of immolation {unknown}
 j - a scroll of enchant weapon {unknown}
 k - a scroll of identify {unknown}
 n - a scroll of enchant armour {unknown}
 p - a scroll of teleportation {unknown}
Potions
 d - 3 potions of might
 l - a potion of curing {unknown}
Comestibles
 f - 2 bread rations
 h - a beef jerky
 m - 6 chunks of flesh
 q - a slice of pizza


   Skills:
 + Level 4.5 Fighting
 + Level 3.5 Long Blades
 + Level 4.8 Armour
 + Level 3.1 Dodging
 + Level 0.5 Stealth
 + Level 5.0 Shields


You had 5 spell levels left.
You didn't know any spells.

Dungeon Overview and Level Annotations

Branches:
Dungeon (3/15)

Altars:
Pakellas


Innate Abilities, Weirdness & Mutations

You reflexively headbutt those who attack you in melee.
You have a pair of horns on your head.


Message History

You feel very sick.
Found a ring mail.
* * * LOW HITPOINT WARNING * * *
You feel very sick.
The kobold unwields an uncursed blowgun.
The kobold wields an uncursed short sword.
The kobold hits you with an uncursed short sword.
* * * LOW HITPOINT WARNING * * *
Unknown command.
Your shield prevents you from hitting the kobold.
* * * LOW HITPOINT WARNING * * *
You feel very sick.
The kobold hits you but does no damage. x2
You miss the kobold.
* * * LOW HITPOINT WARNING * * *
You feel very sick. You block the kobold's attack. x2
Unknown command.
Your shield and scale mail prevent you from hitting the kobold.
You die...

#...###.#.###.###
#[........# #.#
##..###.### #.#
#(.....# #.#
#(###### #.#
####.##### ###
###...(....# ...
#.......##..# ###
#.#.##@.# .. #
#.#.K.# #.......
#.#...##.#
#.##.## # # #.#
.[. #+#


You could see a kobold.

Vanquished Creatures
  2 orc priests (D:3)
  An orc wizard (D:3)
  Crazy Yiuf (D:3)
  Ijyb (D:2)
  An adder (D:3)
  4 gnolls (D:3)
  An ooze (D:2)
  3 worms (D:2)
  2 dart slugs
  13 orcs (D:3)
  2 ball pythons
  6 bats
  4 giant cockroaches
  2 goblins (D:1)
  5 hobgoblins
  4 jackals (D:2)
  3 giant newts (D:1)
  7 kobolds
  10 rats
72 creatures vanquished.

Vanquished Creatures (others)
  A manticore (D:2)
1 creature vanquished.

Grand Total: 73 creatures vanquished

Notes
Turn   | Place    | Note
--------------------------------------------------------------
     0 | D:1      | Peloso the Minotaur Fighter began the quest for the Orb.
     0 | D:1      | Reached XP level 1. HP: 19/19 MP: 0/0
   126 | D:1      | Reached XP level 2. HP: 15/27 MP: 1/1
   652 | D:2      | Reached skill level 1 in Dodging
   652 | D:2      | Reached XP level 3. HP: 33/33 MP: 2/2
   793 | D:2      | Reached skill level 4 in Shields
  1401 | D:2      | Noticed Ijyb
  1409 | D:2      | Killed Ijyb
  1409 | D:2      | Reached XP level 4. HP: 40/40 MP: 3/3
  1452 | D:2      | Found an oddly glowing altar of Pakellas.
  1457 | D:2      | Killed a manticore
  1638 | D:3      | Noticed Crazy Yiuf
  1644 | D:3      | Killed Crazy Yiuf
  1696 | D:3      | Reached XP level 5. HP: 31/47 MP: 4/4
  1775 | D:3      | Reached skill level 5 in Shields
  1846 | D:3      | Reached XP level 6. HP: 26/53 MP: 5/5
  2017 | D:3      | Succumbed to kobold's curare-tipped needle

Skill      XL: |  1  2  3  4  5 |
---------------+----------------+-----
Armour         | 4 |  4.8
Fighting       | 4 |  4.5
Dodging        | 1 2 3 |  3.1
Shields        | 4 5 |  5.0
Long Blades    | 3 |  3.5
Stealth        | |  0.5

Action                   |  1- 3 |  4- 6 || total
-------------------------+-------+-------++-------
Melee: Long sword        |   106 |    67 ||   173
       Headbutt          |    17 |    13 ||    30
  Eat: Chunk             |       |     4 ||     4
Armor: Scale mail        |    91 |    30 ||   121
Dodge: Dodged            |    36 |    28 ||    64
Block: Shield            |    68 |    33 ||   101
